 Dungeon Crawl Stone Soup version 0.31-a0-358-gac0dbeb3ab (webtiles) character file.

Game seed: 15520855402599051528

10488 randomguy2701 the Cleaver (level 11, -10/95 HPs)
             Began as a Minotaur Fighter on July 26, 2023.
             Was a Priest of Qazlal.
             Mangled by a cane toad (18 damage)
             ... on level 2 of the Lair of Beasts.
             The game lasted 00:22:41 (9576 turns).

randomguy2701 the Cleaver (Minotaur Fighter)        Turns: 9576, Time: 00:22:42

Health: -10/95     AC: 11    Str: 24    XL:     11   Next: 36%
Magic:  1/15       EV: 20    Int:  7    God:    Qazlal [***...]
Gold:   901        SH: 13    Dex: 14    Spells: 10/10 levels left

rFire   . . .        v - +1 war axe "Afouqops" {heavy, rPois Str+3 Int+2}
rCold   . . .        D - +2 buckler
rNeg    . . .        j - +0 chain mail
rPois   +            (helmet restricted)
rElec   .            (no cloak)
rCorr   .            (no gloves)
SInv    .            (no boots)
Will    .....        (no amulet) Stlth
                     f - +5 ring of evasion
HPRegen 0.35/turn    w - +5 ring of evasion
MPRegen 0.14/turn

%: no passive effects
@: mighty
A: horns 2, retaliatory headbutt
a: Renounce Religion, Upheaval, Elemental Force


You were on level 2 of the Lair of Beasts.
You worshipped Qazlal.
Qazlal was most pleased with you.
You visited 2 branches of the dungeon, and saw 12 of its levels.
You also visited: Bailey.

You collected 901 gold pieces.

Inventory:

Hand Weapons
 a - a +0 war axe
 o - a +1 hand axe of freezing
 v - the +1 war axe "Afouqops" (weapon) {heavy, rPois Str+3 Int+2}
   (You found it on level 5 of the Dungeon)

   Str:       It affects your strength (+3).
   Int:       It affects your intelligence (+2).
   rPois:     It protects you from poison.
 K - a +4 battleaxe of freezing
Missiles
 k - 4 throwing nets
Armour
 j - a +0 chain mail (worn)
 D - a +2 buckler (worn)
Jewellery
 f - a +5 ring of evasion (left hand)
 i - a ring of fire
 w - a +5 ring of evasion (right hand)
 G - an amulet of faith
 H - a ring of flight
Wands
 b - a wand of digging (5)
 c - a wand of polymorph (11)
 B - a wand of paralysis (11)
Scrolls
 e - 2 scrolls of fog {unknown}
 g - 4 scrolls of identify {unknown}
 l - a scroll of immolation {unknown}
 m - a scroll of enchant armour {unknown}
 r - a scroll of amnesia {unknown}
 u - 4 scrolls of teleportation {unknown}
 x - 2 scrolls of fear {unknown}
 y - a scroll of brand weapon {unknown}
 C - a scroll of noise {unknown}
 F - a scroll of poison {unknown}
 J - 2 scrolls of silence {unknown}
 L - a scroll of blinking {unknown}
Potions
 d - a potion of might
 h - a potion of ambrosia {unknown}
 n - 4 potions of attraction {unknown}
 p - 4 potions of enlightenment
 q - a potion of berserk rage {unknown}
 s - a potion of brilliance
 t - a potion of magic {unknown}
 z - a potion of lignification {unknown}
 A - 2 potions of curing
 E - a potion of heal wounds {unknown}
 M - a potion of mutation {unknown}
 N - a potion of degeneration {unknown}
Miscellaneous
 I - a phial of floods


   Skills:
 + Level 8.9 Fighting
 + Level 12.8 Axes
 + Level 9.7 Armour
 + Level 4.1 Dodging
 - Level 0.1 Stealth
 + Level 9.0 Shields
 * Level 7.0 Invocations


You had 10 spell levels left.
You didn't know any spells.
Your spell library contained the following spells:

 Spells                   Type           Power      Damage    Failure   Level
 Sting                    Tmut/Pois      0%         1d3       93%         1
 Poisonous Vapours        Pois/Air       0%         N/A       98%         2
 Scorch                   Fire           0%         2d5       98%         2
 Mephitic Cloud           Conj/Pois/Air  0%         N/A       100%        3
 Tukima's Dance           Hex            0%         N/A       100%        3
 Flame Wave               Conj/Fire      0%         2d4       100%        4
 Olgreb's Toxic Radiance  Pois           0%         N/A       100%        4
 Passage of Golubria      Tloc           0%         N/A       100%        4
 Freezing Cloud           Conj/Ice/Air   0%         6-21      100%        5
 Yara's Violent Unravell  Hex/Tmut       0%         3d3       100%        5
 Summon Cactus Giant      Summ           0%         N/A       100%        6


Dungeon Overview and Level Annotations

Branches:
Dungeon (10/15)            Temple (0/1) D:7            Lair (2/5) D:8
 Bailey (visited)
  Swamp: Lair:2-3    Shoals: Lair:2-3     Snake: Lair:2-3    Spider: Lair:2-3
    Orc: D:9-12

Altars:
Ashenzari
Dithmenos
Elyvilon
Fedhas
Hepliaklqana
Qazlal
Yredelemnul
Zin
The Shining One

Shops:
D:8 (

Annotations:
D:9 exclusion: orange crystal statue
D:10 Harold
Lair:1 Amaemon, Gastronok


Innate Abilities, Weirdness & Mutations

You have a pair of horns on your head.
You reflexively headbutt those who attack you in melee.


Message History

Your air elemental hits the cane toad!
The cane toad stings your air elemental!
Something gores your air elemental.
Your air elemental hits the cane toad.
Your Shields skill increases to level 9!
Your Invocations skill increases to level 7!
A cane toad is nearby!
Your air elemental closely misses the cane toad.
Your air elemental barely misses the cane toad.
The cane toad stings your air elemental!
Your air elemental is destroyed!
Your air elemental disappears in a puff of smoke!
Your water elemental disappears in a puff of smoke!
Your fire elemental closely misses the yak.
The cane toad stings something!
The yak misses your fire elemental.
Your fire elemental hits the yak.
Your fire elemental burns the yak!
A nearby plant withers and dies.
Your fire elemental hits the yak.
Your fire elemental burns the yak!
The yak dies!
Qazlal accepts your kill.
You hear an angry hiss.
Your fire elemental disappears in a puff of smoke!
A water moccasin comes into view.
Activating: Elemental Force (3% risk of failure)
Press: ? - help, Dir - look around, f - activate Clouds arounds you coalesce and take form!
The storm surrounding you is now too weak to repel missiles.
You will no longer adapt resistances upon receiving elemental damage.
The blink frog hits your earth elemental but does no damage.
The cane toad barely misses your earth elemental.
The blink frog hits your earth elemental but does no damage.
You block the water moccasin's attack.
The blink frog blinks!
The cane toad barely misses your earth elemental.
The water moccasin bites your earth elemental.
Your earth elemental closely misses the cane toad.
The water moccasin bites your earth elemental but does no damage.
The blink frog completely misses you. You furiously retaliate!
You headbutt the blink frog! The cane toad completely misses you.
The cane toad attacks as you move away! The cane toad stings you!!
You die...

P.. #..#####
#......#######
#...#..........
#.#....#.....
##...........# #.
#...○.☼.....###..
#....@F........ ..
###.EF....##..#.. ..
#.S#......##.#.# .P.
##..E...†.#..#.##...
#.#§..#........§...
...#...#..P†P<......
...........†..YE......
..............#.E†......
.....#.....)..†.<.......


You could see a cane toad (ally target), a blink frog, a water moccasin (ally
target) and 2 friendly earth elementals.

Vanquished Creatures
  Erica (Lair:1)
  A cyclops (D:8)
  A hornet (D:5)
  A blink frog (Lair:2)
  A wyvern (D:9)
  A wraith (D:8)
  11 yaks (Lair:1)
  2 shadows
  2 steam dragons
  4 water moccasins
  An acid dragon (D:6)
  8 orc warriors
  2 ice beasts
  2 black bears
  An ogre (D:5)
  2 centaurs (D:8)
  A phantom (D:7)
  A kobold brigand (D:9)
  7 bullfrogs
  3 scorpions
  A wyvern zombie (D:7)
  2 gnoll sergeants
  8 wights
  9 killer bees
  A howler monkey (D:3)
  A bullfrog zombie (D:7)
  A centaur zombie (D:7)
  4 hounds
  A jelly (D:3)
  2 orc priests
  A gnoll bouda (D:9)
  2 sleepcaps
  4 iguanas
  3 orc wizards
  3 killer bee zombies (D:7)
  A howler monkey zombie (D:7)
  34 gnolls
  5 adders
  3 river rats (D:5)
  3 white imps
  3 ufetubi
  6 worms
  5 dart slugs
  36 orcs
  6 bats
  10 endoplasms
  A giant cockroach (D:1)
  13 goblins
  6 hobgoblins
  20 jackals
  17 kobolds
  4 quokkas
  10 ball pythons
  2 frilled lizards (D:3)
  12 rats
293 creatures vanquished.

Vanquished Creatures (collateral kills)
  A hydra (Lair:2)
  A black mamba (Lair:2)
  A cane toad (Lair:2)
  A blink frog (Lair:2)
  3 yaks (Lair:2)
7 creatures vanquished.

Grand Total: 300 creatures vanquished

Notes
Turn   | Place    | Note
-------+----------+-------------------------------------------
     0 | D:1      | randomguy2701 the Minotaur Fighter began the quest for the
                  | Orb.
     0 | D:1      | Reached XP level 1. HP: 19/19 MP: 0/0
    54 | D:1      | Reached XP level 2. HP: 22/27 MP: 1/1
   617 | D:1      | Reached XP level 3. HP: 34/34 MP: 2/2
   911 | D:2      | Found a blossoming altar of Fedhas.
  1360 | D:3      | Reached skill level 3 in Axes
  1360 | D:3      | Reached XP level 4. HP: 31/41 MP: 3/3
  1399 | D:3      | Reached skill level 1 in Dodging
  1399 | D:3      | Found a stormy altar of Qazlal.
  1400 | D:3      | Noticed an air elemental
  1401 | D:3      | Noticed an earth elemental
  1401 | D:3      | Noticed a water elemental
  1401 | D:3      | Noticed a fire elemental
  1618 | D:3      | Reached skill level 4 in Axes
  1618 | D:3      | Reached XP level 5. HP: 46/47 MP: 4/4
  1670 | D:3      | Found a shadowy altar of Dithmenos.
  1676 | D:3      | Reached skill level 5 in Armour
  1784 | D:3      | Found a glowing golden altar of the Shining One.
  1784 | D:3      | Found a glowing silver altar of Zin.
  1784 | D:3      | Found a white marble altar of Elyvilon.
  1938 | D:3      | Reached skill level 5 in Axes
  1948 | D:3      | Reached XP level 6. HP: 44/53 MP: 5/5
  2065 | D:3      | Reached skill level 6 in Axes
  2172 | D:3      | Became a worshipper of Qazlal Stormbringer
  2273 | D:3      | Reached skill level 5 in Fighting
  2480 | D:3      | Reached XP level 7. HP: 60/61 MP: 6/6
  2890 | D:4      | Reached skill level 7 in Axes
  2897 | D:4      | Reached * piety under Qazlal
  3028 | D:4      | Found a broken altar of Ashenzari.
  3238 | D:4      | Reached skill level 1 in Invocations
  3406 | D:4      | Saw a vision of the Shoals and the Snake Pit.
  3406 | D:4      | Noticed a merfolk
  3406 | D:4      | Noticed a water nymph
  3406 | D:4      | Noticed a merfolk
  3406 | D:4      | Noticed a cyclops
  3406 | D:4      | Noticed a snapping turtle
  3406 | D:4      | Noticed a naga warrior
  3406 | D:4      | Noticed a black mamba
  3406 | D:4      | Noticed a black mamba
  3406 | D:4      | Noticed a merfolk
  3406 | D:4      | Noticed a manticore
  3406 | D:4      | Noticed an anaconda
  3407 | D:4      | Noticed a merfolk
  3408 | D:4      | Noticed a harpy
  3473 | D:5      | Entered Level 5 of the Dungeon
  3602 | D:5      | Reached skill level 8 in Axes
  3602 | D:5      | Reached XP level 8. HP: 44/70 MP: 6/8
  3769 | D:5      | Reached skill level 5 in Shields
  3857 | D:5      | Noticed a hornet
  3863 | D:5      | Paralysed by a hornet for 2 turns
  3866 | D:5      | Paralysed by a hornet for 1 turns
  3871 | D:5      | Killed a hornet
  4398 | D:5      | Identified the +1 war axe "Afouqops" {heavy, rPois Str+3
                  | Int+2}
  4594 | D:5      | Reached ** piety under Qazlal
  4982 | D:6      | Reached skill level 9 in Axes
  5334 | D:6      | Reached XP level 9. HP: 24/78 MP: 10/10
  5737 | D:6      | Found a hazy altar of Hepliaklqana.
  6111 | D:7      | Found a staircase to the Ecumenical Temple.
  6270 | D:7      | Found a basalt altar of Yredelemnul.
  6525 | D:7      | Reached skill level 10 in Axes
  7107 | D:8      | Reached *** piety under Qazlal
  7137 | D:8      | Found a staircase to the Lair.
  7265 | D:8      | Noticed a cyclops
  7274 | D:8      | Killed a cyclops
  7275 | D:8      | Reached XP level 10. HP: 86/86 MP: 8/12
  7289 | D:8      | Found a flagged portal.
  7296 | D:8      | Reached skill level 11 in Axes
  7296 | D:8      | Reached skill level 5 in Invocations
  7583 | D:8      | Found Ziexy's Weapon Shoppe.
  7742 | Bailey   | Entered a bailey
  7903 | Bailey   | Reached **** piety under Qazlal
  8581 | D:9      | Reached skill level 12 in Axes
  8709 | D:9      | Noticed an orange crystal statue
  9081 | D:10     | Entered Level 10 of the Dungeon
  9081 | D:10     | Noticed Harold
  9081 | D:10     | Noticed a two-headed ogre
  9135 | Lair:1   | Entered Level 1 of the Lair of Beasts
  9135 | Lair:1   | Noticed Erica
  9346 | Lair:1   | Killed Erica
  9359 | Lair:1   | Reached XP level 11. HP: 43/95 MP: 14/14
  9521 | Lair:1   | Noticed Gastronok
  9534 | Lair:1   | Noticed Amaemon
  9539 | Lair:1   | HP: 2/95 [Gastronok/the air (28)]
  9553 | Lair:2   | Noticed an eight-headed hydra
  9556 | Lair:2   | HP: 2/95 [black mamba (12)]
  9561 | Lair:2   | Killed an eight-headed hydra
  9576 | Lair:2   | Mangled by a cane toad

Illustrated notes

Levels and vault maps discovered:
D:1:      ebering_hopf_link, layout_loops_corners, minmay_pentomino_w2
D:2:      layout_rooms, basic_altar, minmay_tripent
D:3:      lemuel_castle_with_subvaults [lemuel_castle_interior_carwin_3],
          layout_basic, good_gods_mini_temple,
          mainiacjoe_overflow_small_starburst, nicolae_qazlal_style_of_elements,
          chequers_serial_rivers_micro_d, minmay_cut_off
D:4:      layout_basic, grunt_ashenzari_visionary
          [grunt_ashenzari_visionary_shoals, grunt_ashenzari_visionary_snake]
D:5:      layout_basic, lightli_sewer_entry_pipes
D:6:      layout_gridville, lemuel_crystal_altar
D:7:      layout_basic, nicolae_yredelemnul_corpse_copse,
          minmay_temple_entry_crystal_x
D:8:      layout_cave_pools, due_lair_maze_entry_diamond, enter_bailey_3,
          serial_shops, nicolae_shop_bloodbath_and_beyond
D:9:      layout_roguey, solitary_fountain, minmay_statue_bubble
D:10:     layout_cave_pools, jmf_multi_god_temple2, uniq_harold
Lair:1:   layout_chaotic_city, uniq_erica, uniq_gastronok, uniq_amaemon
Lair:2:   nzn_winding_woodlands_three_and_one
          [nzn_winding_woodlands_5x15_parted,
          nzn_winding_woodlands_5x15_default,
          nzn_winding_woodlands_5x15_crooked,
          nzn_winding_woodlands_center_pierced_h], layout_misc_corridors,
          nicolae_shoals_entry_flooding

Skill      XL: |  1  2  3  4  5  6  7  8  9 10 11 |
---------------+----------------------------------+-----
Fighting       | 4 5 6 7 8 |  8.9
Armour         | 4 5 7 8 9 |  9.7
Axes           | 3 4 5 6 8 9 10 12 | 12.8
Dodging        | 1 2 3 4 |  4.1
Shields        | 4 5 6 8 9 |  9.0
Invocations    | 1 3 4 6 7 |  7.0
Stealth        | |  0.1

Action                     |  1- 3 |  4- 6 |  7- 9 | 10-12 || total
---------------------------+-------+-------+-------+-------++-------
  Melee: War axe           |   102 |   135 |   106 |   136 ||   479
         Headbutt          |     7 |    17 |    42 |    18 ||    84
         Hand axe          |       |       |   143 |       ||   143
 Invoke: Upheaval          |       |       |     1 |       ||     1
         Elemental Force   |       |       |       |     3 ||     3
  Evoke: Wand              |       |       |       |     1 ||     1
    Use: Potion            |       |       |     2 |     4 ||     6
 Armour: Scale mail        |    51 |       |       |       ||    51
         Chain mail        |     1 |    36 |    61 |    29 ||   127
  Dodge: Dodged            |    48 |    90 |   145 |   149 ||   432
  Block: Buckler           |    24 |    34 |    79 |   132 ||   269

Table legend: (Time is in decaauts)
 A = Elapsed time spent in this place.
 B = Non-inter-level travel time spent in this place.
 C = Inter-level travel time spent in this place.
 D = Time resting spent in this place.
 E = Time spent auto-exploring this place.
 F = Levels seen in this place.
 G = Mean time per level.
                   A        B        C        D        E       F      G
               +--------+--------+--------+--------+--------+-----+--------+
         Total |   9821 |   9007 |    814 |    206 |   7035 |  13 |  755.5 |
       Dungeon |   9256 |   8443 |    813 |    200 |   6727 |  10 |  925.6 |
          Lair |    264 |    264 |      0 |      0 |    163 |   2 |  132.0 |
        Bailey |    301 |    301 |      0 |      6 |    145 |   1 |  301.0 |
               +--------+--------+--------+--------+--------+-----+--------+

Top non-repeatable levels by time:
     D:5: 1475 daAuts
     D:3: 1460 daAuts
     D:7: 1196 daAuts
     D:9: 1076 daAuts
     D:6: 1015 daAuts
     D:8: 930 daAuts
     D:1: 929 daAuts
     D:4: 713 daAuts
     D:2: 455 daAuts
  Bailey: 301 daAuts
  Lair:1: 234 daAuts
  Lair:2: 30 daAuts
    D:10: 1 daAuts
